Map: [ESL] Hecate

Players

Stephano

  • Race: Zerg Zerg
  • Spawn Location: 7:00

SKillous - Winner!

  • Race: Protoss Protoss
  • League: Grandmaster
  • Spawn Location: 1:00

Event: HomeStory Cup XXIV

VOD

Have the link to the VOD?

Description

Time

  • Played on: Dec. 2, 2023, 7:21 a.m.
  • Length: 8:52

All games in this series

Show
View Real Time Build Order
Export as new Build Order

Stephano Zerg 

Build Orders: Hatch First 

Get SALT Encoding   

  12  0:00  Drone  
  13  0:12  Overlord  
  13  0:16  Drone  
  14  0:30  Drone x2  
  16  0:50  Drone, Hatchery  
  16  0:54  Drone  
  17  0:57  Drone  
  18  1:09  Extractor  
  17  1:12  Spawning Pool  
  17  1:15  Drone  
  17  1:20  Drone  
  18  1:27  Drone  
  19  1:39  Drone  
  20  1:49  Drone  
  21  2:00  Zergling x2  
  21  2:01  Queen  
  22  2:03  Queen  
  22  2:04  Drone  
  27  2:10  Overlord  
  27  2:13  Drone, Metabolic Boost  
  28  2:30  Hatchery  
  28  2:32  Drone  
  28  2:34  Zergling x2  
  29  2:41  Queen  
  31  2:46  Overlord  
  31  2:49  Zergling x2  
  33  2:51  Drone  
  33  2:54  Spore Crawler  
  33  2:57  Drone x2  
  34  3:03  Drone  
  34  3:04  Drone  
  37  3:07  Zergling x2  
  37  3:09  Drone x2  
  37  3:10  Drone  
  41  3:23  Drone x2  
  41  3:24  Spore Crawler, Queen  
  43  3:27  Drone  
  43  3:34  Overlord  
  44  3:45  Drone  
  44  3:46  Drone x5  
  50  3:49  Spore Crawler  
  50  3:50  Drone  
  50  3:55  Drone x4  
  54  3:58  Drone  
  54  4:01  Zergling x2  
  56  4:06  Drone x2  
  58  4:13  Overlord  
  58  4:15  Overlord, Evolution Chamber  
  57  4:22  Queen  
  58  4:24  Overlord  
  58  4:26  Overlord  
  58  4:32  Zergling x8  
  58  4:34  Drone  
  58  4:37  Drone x2  
  64  4:42  Zerg Melee Weapons Level 1  
  64  4:44  Extractor  
  64  4:45  Extractor  
  62  4:50  Drone x8  
  62  4:52  Spore Crawler  
  66  5:00  Drone x2  
  66  5:03  Drone  
  66  5:04  Lair  
  66  5:05  Baneling Nest  
  68  5:20  Zergling x6  
  68  5:21  Drone x8, Hatchery  
  79  5:25  Overlord  
  79  5:28  Overlord  
  78  5:31  Overlord  
  78  5:39  Overlord  
  78  5:42  Extractor, Overlord  
  76  5:51  Zergling x2  
  76  5:52  Zergling x12  
  83  6:00  Zergling x8  
  83  6:03  Queen  
  89  6:10  Zergling x16  
  89  6:11  Hatchery  
  91  6:17  Zergling x2  
  84  6:20  Zergling x2  
  84  6:21  Zergling x2  
  86  6:30  Centrifugal Hooks  
  86  6:31  Overlord  
  86  6:33  Drone x3  
  86  6:34  Drone x2  
  86  6:39  Zergling x8  
  95  6:45  Zergling x4  
  97  6:48  Baneling x5  
  97  6:49  Baneling x3  
  97  6:51  Spore Crawler  
  96  6:56  Zergling x12  
  103  7:05  Zergling x6  
  103  7:06  Zergling x8  
  110  7:15  Infestation Pit  
  109  7:16  Zergling x2  
  109  7:17  Zergling x4  
  109  7:18  Baneling x5  
  109  7:19  Baneling x4  
  109  7:20  Overseer  
  109  7:22  Zergling x6  
  116  7:30  Zergling x8  
  113  7:46  Zergling x18  
  110  7:58  Zergling x14  
  102  8:08  Zergling x12  
  102  8:12  Zergling x6  
  106  8:13  Zergling x2  
  106  8:14  Baneling x4  
  106  8:15  Baneling x10  
  106  8:16  Zergling x2  
  108  8:23  Zergling x6  
Show
View Real Time Build Order
Export as new Build Order

SKillous Protoss - Winner!

Build Orders: 1 Gate Expand, Oracle Opening 

Get SALT Encoding   

  12  0:00  Probe  
  13  0:13  Pylon  
  13  0:18  Probe (Chrono Boost)  
  14  0:27  Probe (Chrono Boost)  
  15  0:32  Probe (Chrono Boost)  
  16  0:38  Gateway  
  16  0:44  Probe  
  16  0:48  Assimilator  
  17  0:56  Probe  
  18  1:08  Probe  
  19  1:20  Probe  
  20  1:26  Nexus  
  20  1:36  Cybernetics Core  
  20  1:39  Probe  
  21  1:45  Assimilator  
  21  1:51  Probe  
  22  1:54  Pylon  
  22  2:03  Probe  
  23  2:09  Adept (Chrono Boost)  
  23  2:15  Probe  
  26  2:17  Stargate  
  26  2:27  Probe (Chrono Boost), Warp Gate  
  22  2:30  Adept (Chrono Boost)  
  29  2:39  Probe (Chrono Boost)  
  31  2:47  Probe (Chrono Boost)  
  31  2:48  Probe (Chrono Boost)  
  32  2:52  Adept  
  32  2:53  Probe x2 (Chrono Boost)  
  36  3:02  Oracle (Chrono Boost)  
  39  3:06  Probe x2  
  39  3:10  Pylon  
  41  3:18  Probe  
  41  3:19  Gateway  
  42  3:22  Probe  
  43  3:30  Oracle (Chrono Boost)  
  46  3:36  Probe  
  46  3:41  Probe  
  48  3:46  Nexus  
  48  3:49  Pylon  
  48  3:52  Probe  
  49  4:00  Oracle  
  52  4:03  Probe  
  52  4:04  Probe  
  52  4:08  Assimilator  
  54  4:10  Assimilator  
  54  4:15  Probe (Chrono Boost)  
  56  4:20  Twilight Council  
  56  4:22  Probe (Chrono Boost)  
  57  4:25  Probe (Chrono Boost)  
  57  4:29  Probe (Chrono Boost)  
  57  4:30  Probe (Chrono Boost), Forge  
  58  4:31  Pylon  
  59  4:40  Probe  
  59  4:41  Probe  
  59  4:44  Gateway x2  
  61  4:53  Stalker x2, Probe  
  61  4:56  Blink (Chrono Boost)  
  66  5:00  Probe  
  66  5:01  Probe  
  66  5:04  Protoss Ground Weapons Level 1 (Chrono Boost)  
  66  5:06  Shield Battery  
  68  5:09  Probe  
  68  5:12  Probe  
  68  5:14  Probe  
  71  5:17  Stalker  
  71  5:19  Stalker  
  75  5:22  Pylon  
  75  5:23  Probe  
  75  5:26  Probe x2  
  78  5:35  Gateway, Probe  
  79  5:37  Gateway  
  79  5:38  Probe  
  79  5:39  Probe  
  81  5:45  Stalker  
  81  5:46  Stalker  
  81  5:47  Probe  
  86  5:52  Pylon  
  86  5:55  Probe  
  86  5:56  Pylon  
  87  6:01  Stalker x2  
  91  6:07  Forge  
  83  6:20  Probe  
  80  6:26  Stalker x4  
  80  6:30  Robotics Facility  
  88  6:35  Pylon  
  88  6:36  Nexus, Charge (Chrono Boost)  
  88  6:39  Protoss Ground Armor Level 1 (Chrono Boost)  
  88  6:42  Stalker x2  
  92  6:50  Stalker x4  
  100  6:57  Probe  
  101  7:01  Shield Battery  
  101  7:03  Pylon  
  101  7:07  Gateway  
  101  7:10  Gateway, Stalker x2  
  105  7:16  Shield Battery  
  105  7:18  Stalker  
  105  7:19  Stalker  
  105  7:21  Warp Prism (Chrono Boost)  
  111  7:34  Stalker x3  
  117  7:37  Pylon  
  105  7:52  Stalker x3  
  105  7:55  Probe x2  
  109  8:00  Probe  
  109  8:03  Stalker x4  
  109  8:04  Probe  
  118  8:07  Probe x2  
  118  8:12  Probe  
  121  8:16  Observer  
  121  8:18  Zealot x4  
  130  8:26  Zealot x4  
  134  8:37  Probe  
  126  8:44  Shield Battery  
  126  8:48  Zealot x8  
Tags
 
Add a new tag
Caveats
  • Supply blocks, unpowered buildings, or Contaminate may cause inaccurate times.
  • Supply counts are checked every 10 seconds.